[Event "POL-chT DMP Ekstraliga 2019"]
[Site "Katowice"]
[Date "2019.08.28"]
[Round "1.2"]
[White "Moranda, Wojciech"]
[Black "Hracek, Zbynek"]
[Result "1/2-1/2"]
[ECO "B54"]
[WhiteElo "2597"]
[BlackElo "2572"]
[Annotator "ChessBase"]
[PlyCount "128"]
[EventDate "2019.08.28"]
[EventType "team-tourn"]
[EventCountry "POL"]
[SourceTitle "playchess.com"]
[Source "ChessBase"]
[SourceQuality "1"]
[TimeControl "40/5400+30:1800+30"]

1. e4 c5 2. Nf3 d6 3. d4 cxd4 4. Nxd4 Nf6 5. f3 Nc6 6. c4 e6 7. Nc3 Be7 8. Be3 O-O 9. Qd2 d5 10. exd5 exd5 11. O-O-O Nxd4 12. Qxd4 dxc4 13. Qxd8 Rxd8 14. Rxd8+ Bxd8 15. Bxc4 Bd7 16. Rd1 Rc8 17. Bd4 Rxc4 18. Bxf6 Bxf6 19. Rxd7 h5 20. Kc2 b5 21. Rxa7 b4 22. Ra4 Bxc3 23. bxc3 Rxc3+ 24. Kd2 h4 25. h3 Kf8 26. Rxb4 Ra3 27. Rb2 Ke7 28. Kc1 Kd6 29. Re2 Kd5 30. Kb2 Rd3 31. Rc2 g5 32. a4 Kd6 33. Re2 f6 34. Kb1 Ra3 35. Ra2 Re3 36. Kc2 Kc6 37. a5 Kb7 38. Kd2 Rb3 39. a6+ Ka7 40. Ke2 Rc3 41. Kf2 Rc6 42. Ke3 Re6+ 43. Kd3 Re5 44. Kd4 Re1 45. Kd3 Re5 46. Ra4 Rb5 47. Ke2 Rb2+ 48. Kf1 Rb1+ 49. Kf2 Rb2+ 50. Kg1 Rb1+ 51. Kh2 Rb5 52. f4 Rc5 53. Re4 Rf5 54. fxg5 fxg5 55. Re6 Ra5 56. Rg6 Rb5 57. Kg1 Rf5 58. Rd6 Ra5 59. Rg6 Rf5 60. g3 Ra5 61. gxh4 gxh4 62. Rh6 Rxa6 63. Rxh4 Kb7 64. Rd4 Kc7 1/2-1/2

[Event "POL-chT DMP Ekstraliga 2019"]
[Site "Katowice"]
[Date "2019.08.28"]
[Round "1.17"]
[White "Kantans, Toms"]
[Black "Sadzikowski, Daniel"]
[Result "1/2-1/2"]
[ECO "B51"]
[WhiteElo "2490"]
[BlackElo "2502"]
[Annotator "ChessBase"]
[PlyCount "162"]
[EventDate "2019.08.28"]
[EventType "team-tourn"]
[EventCountry "POL"]
[SourceTitle "playchess.com"]
[Source "ChessBase"]
[SourceQuality "1"]
[TimeControl "40/5400+30:1800+30"]

1. e4 c5 2. Nf3 d6 3. Bb5+ Nd7 4. O-O a6 5. Bd3 Ngf6 6. Re1 g6 7. c3 Bh6 8. a4 Ne5 9. Nxe5 dxe5 10. Bc4 O-O 11. Na3 Qb6 12. d3 Bg4 13. Qc2 Bxc1 14. Qxc1 Rad8 15. Qg5 Be6 16. Qxe5 Nd7 17. Qg5 Qxb2 18. Rec1 Bxc4 19. Nxc4 Qe2 20. Rd1 Qc2 21. Rac1 Qxa4 22. Qxe7 Rde8 23. Qh4 b5 24. Ne3 b4 25. Ra1 Qc6 26. Nd5 Qd6 27. cxb4 cxb4 28. Rdb1 Rb8 29. d4 b3 30. Qe7 Qxe7 31. Nxe7+ Kg7 32. f3 Rb7 33. Nc6 b2 34. Rxa6 Nb8 35. Ra7 Rb6 36. Ne7 Rd8 37. Ra2 Nc6 38. Nd5 Rb3 39. Rbxb2 Rxb2 40. Rxb2 Nxd4 41. Kf2 h5 42. h4 Ne6 43. Ne3 Nf4 44. Ra2 Rc8 45. Kg3 Ne6 46. Nd5 Rb8 47. Ra7 Rb3 48. Ne7 Rc3 49. Ra8 Rc7 50. Nd5 Rb7 51. Rc8 Rb3 52. Kh2 Rd3 53. Ra8 Rd2 54. Ra5 Rc2 55. Kg3 Nd4 56. Ra3 Ne2+ 57. Kh3 Nd4 58. Rd3 Ne6 59. Kg3 Re2 60. Ne3 Ra2 61. Nc4 Rxg2+ 62. Kxg2 Nf4+ 63. Kf2 Nxd3+ 64. Ke3 Nc5 65. f4 Kf6 66. Kd4 Ne6+ 67. Ke3 Nc5 68. Nd2 Ke7 69. Nf3 Ne6 70. Nd2 Nc7 71. Nf1 Ke6 72. Ng3 Nb5 73. Ne2 Nd6 74. Nd4+ Ke7 75. e5 Nf5+ 76. Nxf5+ gxf5 77. Kd3 Kd7 78. Kc4 Kc8 79. Kd5 Kd7 80. Kc5 Kc7 81. Kd5 Kd7 {[%emt 0:00:05] Ke4} 1/2-1/2

[Event "POL-chT DMP Ekstraliga 2019"]
[Site "Katowice"]
[Date "2019.08.28"]
[Round "1.30"]
[White "Antolak, Julia"]
[Black "Bartel, Marta"]
[Result "1-0"]
[ECO "B61"]
[WhiteElo "2240"]
[BlackElo "2244"]
[Annotator "NA"]
[PlyCount "71"]
[EventDate "2019.08.28"]
[EventType "team-tourn"]
[EventCountry "POL"]
[SourceTitle "playchess.com"]
[Source "ChessBase"]
[SourceQuality "1"]
[TimeControl "40/5400+30:1800+30"]

1. e4 c5 2. Nf3 d6 3. d4 cxd4 4. Nxd4 Nf6 5. Nc3 Nc6 6. Bg5 Bd7 7. Qd2 h6 8. Bxf6 gxf6 9. O-O-O Nxd4 10. Qxd4 Qa5 11. Bc4 Rc8 12. Bb3 Qc5 13. Qd2 h5 14. f4 Bg7 15. Kb1 b5 16. a4 bxa4 17. Nxa4 Qc7 18. f5 Bh6 19. Qd5 Rh7 20. g3 Kf8 21. Nc3 Be3 22. Qd3 Bc5 23. g4 hxg4 24. Qg3 Rb8 25. Nd5 Qd8 26. h3 e6 27. hxg4 Rg7 28. Rh8+ Rg8 29. Rxg8+ Kxg8 30. Nf4 Kf8 31. Rh1 Qb6 32. fxe6 Bxe6 33. Nxe6+ fxe6 34. Qh4 Ke7 35. Qh7+ Kd8 36. Qf7 1-0

[Event "POL-chT DMP Ekstraliga 2019"]
[Site "Katowice"]
[Date "2019.08.29"]
[Round "2.1"]
[White "Mista, Aleksander"]
[Black "Heberla, Bartlomiej"]
[Result "1/2-1/2"]
[ECO "C42"]
[WhiteElo "2599"]
[BlackElo "2552"]
[Annotator "ChessBase"]
[PlyCount "119"]
[EventDate "2019.08.28"]
[EventType "team-tourn"]
[EventCountry "POL"]
[SourceTitle "playchess.com"]
[Source "ChessBase"]
[SourceQuality "1"]
[TimeControl "40/5400+30:1800+30"]

1. e4 e5 2. Nf3 Nf6 3. Nxe5 d6 4. Nf3 Nxe4 5. d4 d5 6. Bd3 Bd6 7. O-O O-O 8. c4 c6 9. cxd5 cxd5 10. Nc3 Re8 11. Re1 Nxc3 12. Rxe8+ Qxe8 13. bxc3 Nd7 14. Qb3 Nb6 15. Ba3 Bxa3 16. Qxa3 Be6 17. Re1 Qd8 18. h4 h6 19. Bb1 Nc4 20. Qb3 Nd6 21. Qc2 Bf5 22. Qb3 Be6 23. Qc2 Bf5 24. Qb3 Bxb1 25. Rxb1 Qa5 26. Re1 Rc8 27. Re3 Qb5 28. Qc2 Qc4 29. Qb1 Qb5 30. Qc2 Ne4 31. Nd2 Nxd2 32. Qxd2 Re8 33. Rxe8+ Qxe8 34. Qf4 a6 35. Kh2 Qc6 36. Qe5 Qd7 37. f3 f6 38. Qb8+ Kf7 39. h5 Ke7 40. Kg1 Kf7 41. Kf2 Qc6 42. Kg3 b5 43. Qa7+ Kg8 44. Qc5 Qe6 45. Kf4 Kh7 46. g4 g5+ 47. hxg6+ Kxg6 48. Qf8 Kh7 49. a3 Kg6 50. Qh8 Qd6+ 51. Ke3 Qe6+ 52. Kf2 f5 53. gxf5+ Kxf5 54. Qg7 h5 55. Qh8 Kg6 56. f4 Qf5 57. Qg8+ Kh6 58. Qh8+ Kg6 59. Qg8+ Kh6 60. Qh8+ 1/2-1/2

[Event "POL-chT DMP Ekstraliga 2019"]
[Site "Katowice"]
[Date "2019.08.29"]
[Round "2.2"]
[White "Maksimenko, Andrei"]
[Black "Moranda, Wojciech"]
[Result "1/2-1/2"]
[ECO "A46"]
[WhiteElo "2468"]
[BlackElo "2597"]
[Annotator "ChessBase"]
[PlyCount "43"]
[EventDate "2019.08.28"]
[EventType "team-tourn"]
[EventCountry "POL"]
[SourceTitle "playchess.com"]
[Source "ChessBase"]
[SourceQuality "1"]
[TimeControl "40/5400+30:1800+30"]

1. d4 Nf6 2. Nf3 e6 3. g3 d5 4. Bg2 b5 5. O-O Nbd7 6. a4 b4 7. c3 Ba6 8. Bf4 c5 9. cxb4 cxb4 10. Nbd2 Rc8 11. Re1 Be7 12. Ne5 O-O 13. Nxd7 Nxd7 14. e4 Nf6 15. Be5 Bd3 16. Bxf6 Bxf6 17. e5 Be7 18. Qf3 Bg6 19. Rec1 Bg5 20. Qd1 Qb6 21. h4 Be7 22. Nb3 1/2-1/2

[Event "POL-chT DMP Ekstraliga 2019"]
[Site "Katowice"]
[Date "2019.08.29"]
[Round "2.3"]
[White "Dziuba, Marcin"]
[Black "Piesik, Piotr"]
[Result "1-0"]
[ECO "A45"]
[WhiteElo "2568"]
[BlackElo "2409"]
[Annotator "ChessBase"]
[PlyCount "123"]
[EventDate "2019.08.28"]
[EventType "team-tourn"]
[EventCountry "POL"]
[SourceTitle "playchess.com"]
[Source "ChessBase"]
[SourceQuality "1"]
[TimeControl "40/5400+30:1800+30"]

1. d4 Nf6 2. Bf4 e6 3. e3 b6 4. Nf3 Bb7 5. h3 Be7 6. Bd3 Ne4 7. Nbd2 f5 8. Qe2 d6 9. Rg1 Nd7 10. g4 O-O 11. O-O-O Kh8 12. gxf5 exf5 13. Bxe4 fxe4 14. Ng5 Bxg5 15. Rxg5 Nf6 16. Rdg1 Rf7 17. c4 Qe7 18. h4 g6 19. c5 bxc5 20. dxc5 Nh5 21. Bh2 Raf8 22. R1g2 Rf5 23. Qc4 Bd5 24. Qd4+ Kg8 25. cxd6 cxd6 26. Nb1 Rxg5 27. Rxg5 Bb7 28. Bxd6 Rc8+ 29. Rc5 Qe6 30. Rxc8+ Qxc8+ 31. Nc3 a6 32. Be5 Kf7 33. Kd2 Qc6 34. Na4 Ke6 35. Nc5+ Kf5 36. Bd6 Kg4 37. Be7 a5 38. a4 Kf3 39. Ke1 Bc8 40. Qd1+ Kg2 41. Qd2 Bf5 42. Qxa5 Qd5 43. Qd2 Qa2 44. f3+ Kh3 45. fxe4 Bg4 46. Qc1 Ng3 47. Bd6 Ne2 48. Qc2 Kxh4 49. Kd2 Qa1 50. e5 Ng1 51. Kc3 Qe1+ 52. Kc4 Qxe3 53. Kb5 Nf3 54. Kb6 Kh3 55. Qc3 Qe2 56. a5 Kg2 57. a6 Nd2 58. a7 Bf3 59. Kc7 Nb1 60. Qd3 Qxb2 61. Qxf3+ Kxf3 62. a8=Q+ 1-0

[Event "POL-chT DMP Ekstraliga 2019"]
[Site "Katowice"]
[Date "2019.08.29"]
[Round "2.4"]
[White "Simantsev, Mikhail"]
[Black "Michalik, Peter"]
[Result "0-1"]
[ECO "D37"]
[WhiteElo "2346"]
[BlackElo "2573"]
[Annotator "ChessBase"]
[PlyCount "70"]
[EventDate "2019.08.28"]
[EventType "team-tourn"]
[EventCountry "POL"]
[SourceTitle "playchess.com"]
[Source "ChessBase"]
[SourceQuality "1"]
[TimeControl "40/5400+30:1800+30"]

1. d4 Nf6 2. c4 e6 3. Nf3 d5 4. Nc3 Be7 5. Bf4 O-O 6. e3 b6 7. cxd5 Nxd5 8. Nxd5 Qxd5 9. Bd3 Qa5+ 10. Nd2 Ba6 11. Bxa6 Qxa6 12. Qe2 Rc8 13. a3 Qxe2+ 14. Kxe2 Nd7 15. Rac1 c5 16. dxc5 Nxc5 17. Be5 f6 18. Bd4 Nd7 19. f4 Kf7 20. Nb3 e5 21. fxe5 fxe5 22. Bc3 Ke6 23. Bd2 Bd6 24. h3 Nf6 25. Rxc8 Rxc8 26. Rc1 Rxc1 27. Bxc1 Kd5 28. Kd3 e4+ 29. Kc2 Nh5 30. Nd4 Nf4 31. Nf5 Nxg2 32. Nxg7 Bc5 33. Ne8 Ke5 34. b4 Bxe3 35. Bb2+ Bd4 0-1

[Event "POL-chT DMP Ekstraliga 2019"]
[Site "Katowice"]
[Date "2019.08.29"]
[Round "2.5"]
[White "Plat, Vojtech"]
[Black "Szustakowski, Antoni"]
[Result "1-0"]
[ECO "D31"]
[WhiteElo "2561"]
[BlackElo "2256"]
[Annotator "ChessBase"]
[PlyCount "117"]
[EventDate "2019.08.28"]
[EventType "team-tourn"]
[EventCountry "POL"]
[SourceTitle "playchess.com"]
[Source "ChessBase"]
[SourceQuality "1"]
[TimeControl "40/5400+30:1800+30"]

1. d4 d5 2. c4 e6 3. Nc3 c6 4. Nf3 dxc4 5. a4 Bb4 6. e3 b5 7. Bd2 a5 8. axb5 Bxc3 9. Bxc3 cxb5 10. b3 Bb7 11. bxc4 b4 12. Bb2 Nf6 13. Bd3 O-O 14. O-O Nbd7 15. Nd2 Re8 16. Bc2 e5 17. d5 Qe7 18. Ba4 Rec8 19. Bb5 Nc5 20. Ra2 Nd3 21. Ba1 Nc5 22. Qb1 Ne8 23. Ba4 Nxa4 24. Rxa4 Nd6 25. Rc1 Qe8 26. Qa2 Bxd5 27. Rxa5 Rxa5 28. Qxa5 Qc6 29. c5 Bxg2 30. cxd6 Qxc1+ 31. Kxg2 Qc6+ 32. Nf3 Qxd6 33. Nxe5 Rb8 34. e4 f6 35. Nc4 Qe6 36. Qd5 Re8 37. Kf3 Qxd5 38. exd5 Re1 39. Bd4 b3 40. Nd2 Rh1 41. Nxb3 Rxh2 42. Be3 Rh4 43. d6 Kf7 44. Nc5 Rc4 45. Ke2 Rc2+ 46. Kd3 Ra2 47. Kc4 h5 48. Kd5 h4 49. d7 Ke7 50. Bf4 Ra8 51. Bd6+ Kf7 52. Nb7 g5 53. d8=Q Rxd8 54. Nxd8+ Kg6 55. Ke4 f5+ 56. Kf3 Kf6 57. Bh2 Kg6 58. Ne6 Kf6 59. Nxg5 1-0

[Event "POL-chT DMP Ekstraliga 2019"]
[Site "Katowice"]
[Date "2019.08.29"]
[Round "2.6"]
[White "Antolak, Julia"]
[Black "Majdan, Joanna"]
[Result "1/2-1/2"]
[ECO "B06"]
[WhiteElo "2240"]
[BlackElo "2368"]
[Annotator "NA"]
[PlyCount "122"]
[EventDate "2019.08.28"]
[EventType "team-tourn"]
[EventCountry "POL"]
[SourceTitle "playchess.com"]
[Source "ChessBase"]
[SourceQuality "1"]
[TimeControl "40/5400+30:1800+30"]

1. e4 g6 2. d4 Bg7 3. Nc3 d6 4. Be3 c6 5. Qd2 Nd7 6. h4 h5 7. f3 b5 8. Nh3 Nb6 9. Bd3 Rb8 10. Ne2 Nc4 11. Bxc4 bxc4 12. O-O-O Qb6 13. c3 Qa5 14. Kb1 Nf6 15. Ng5 Nd7 16. Rc1 Nb6 17. Rc2 Na4 18. Qe1 Bd7 19. Bc1 c5 20. Qd2 cxd4 21. cxd4 Qb6 22. Rxc4 Bb5 23. Rc2 Bxe2 24. Qxe2 Qxd4 25. Ka1 Qb4 26. f4 O-O 27. Rh3 Rbc8 28. Rb3 Rxc2 29. Qxc2 Qe1 30. Nf3 Qf1 31. e5 dxe5 32. fxe5 Nb6 33. Kb1 Rd8 34. e6 f5 35. Ng5 Rc8 36. Qd2 Nc4 37. Qf4 Qd1 38. Rb8 Na3+ 39. Ka1 Nc2+ 40. Kb1 Na3+ 41. Ka1 Qxc1+ 42. Qxc1 Rxb8 43. Nh3 Bxb2+ 44. Qxb2 Rxb2 45. Kxb2 Nb5 46. Nf4 Kg7 47. Nd5 Nd4 48. Nxe7 Nxe6 49. Nc6 Nf4 50. g3 Ne2 51. Nxa7 Nxg3 52. Nc6 Kf6 53. a4 Ke6 54. Kc2 Ne2 55. a5 Kd6 56. Nd8 Nd4+ 57. Kc3 Nb5+ 58. Kc4 Nc7 59. Kd4 Nb5+ 60. Kc4 Nc7 61. Kd4 Nd5 {Kc3} 1/2-1/2

[Event "POL-chT DMP Ekstraliga 2019"]
[Site "Katowice"]
[Date "2019.08.29"]
[Round "2.9"]
[White "Kanarek, Marcel"]
[Black "Skawinski, Arkadiusz"]
[Result "1/2-1/2"]
[ECO "A06"]
[WhiteElo "2493"]
[BlackElo "2398"]
[Annotator "ChessBase"]
[PlyCount "53"]
[EventDate "2019.08.28"]
[EventType "team-tourn"]
[EventCountry "POL"]
[SourceTitle "playchess.com"]
[Source "ChessBase"]
[SourceQuality "1"]
[TimeControl "40/5400+30:1800+30"]

1. Nf3 d5 2. g3 Nf6 3. Bg2 e6 4. O-O Be7 5. d4 O-O 6. c4 dxc4 7. Ne5 Nc6 8. Nxc6 bxc6 9. Na3 Bxa3 10. bxa3 Rb8 11. Qa4 Rb6 12. Qxc4 Ba6 13. Qc2 Qxd4 14. Be3 Rb2 15. Qxc6 Qc4 16. Bxa7 Nd5 17. Qxc4 Bxc4 18. Rfc1 Bxe2 19. Bxd5 exd5 20. Rxc7 Bc4 21. a4 h6 22. a5 Re8 23. a4 Ree2 24. Bd4 Rbd2 25. Be3 Ra2 26. Rxa2 Rxa2 27. Kg2 1/2-1/2

[Event "POL-chT DMP Ekstraliga 2019"]
[Site "Katowice"]
[Date "2019.08.29"]
[Round "2.10"]
[White "Luch, Michal"]
[Black "Janik, Igor"]
[Result "0-1"]
[ECO "E12"]
[WhiteElo "2393"]
[BlackElo "2483"]
[Annotator "ChessBase"]
[PlyCount "82"]
[EventDate "2019.08.28"]
[EventType "team-tourn"]
[EventCountry "POL"]
[SourceTitle "playchess.com"]
[Source "ChessBase"]
[SourceQuality "1"]
[TimeControl "40/5400+30:1800+30"]

1. d4 Nf6 2. c4 e6 3. Nf3 b6 4. a3 Bb7 5. Nc3 d5 6. cxd5 Nxd5 7. Qc2 Be7 8. e4 Nxc3 9. bxc3 O-O 10. Bd3 c5 11. O-O cxd4 12. cxd4 Nc6 13. Bb2 Rc8 14. Qe2 Na5 15. Rad1 Qd7 16. Bb5 Bc6 17. Ba6 Bb7 18. Bb5 Qd6 19. Rfe1 Bc6 20. Ba6 Ba4 21. Rd2 Rcd8 22. d5 exd5 23. Rxd5 Qg6 24. Bd3 Bb3 25. Rf5 Qd6 26. Bb1 g6 27. Nd4 Bc4 28. Qe3 f6 29. Rf3 Qe5 30. Rf5 Qc7 31. Qh6 gxf5 32. Nxf5 Rf7 33. h4 Nc6 34. Rc1 b5 35. Qh5 Bf8 36. Rc3 Ne5 37. Rg3+ Kh8 38. f4 Nd3 39. Qg4 Bc5+ 40. Bd4 Bxd4+ 41. Nxd4 Qb6 0-1

[Event "POL-chT DMP Ekstraliga 2019"]
[Site "Katowice"]
[Date "2019.08.29"]
[Round "2.11"]
[White "Tomczak, Mikolaj"]
[Black "Butkiewicz, Lukasz"]
[Result "1/2-1/2"]
[ECO "A05"]
[WhiteElo "2432"]
[BlackElo "2436"]
[Annotator "NA"]
[PlyCount "58"]
[EventDate "2019.08.28"]
[EventType "team-tourn"]
[EventCountry "POL"]
[SourceTitle "playchess.com"]
[Source "ChessBase"]
[SourceQuality "1"]
[TimeControl "40/5400+30:1800+30"]

1. Nf3 Nf6 2. g3 b5 3. Bg2 Bb7 4. O-O e6 5. d3 Be7 6. e4 d6 7. Nbd2 c5 8. a4 b4 9. Nc4 O-O 10. Re1 a5 11. Bf4 e5 12. Bg5 h6 13. Bxf6 Bxf6 14. Nfd2 Nc6 15. Nf1 g6 16. Nfe3 Bg7 17. h4 h5 18. c3 Ne7 19. Bf3 Ra6 20. Rf1 Qa8 21. Nd2 d5 22. exd5 Nxd5 23. Nxd5 Bxd5 24. Be4 Rd8 25. Qc2 f5 26. Bxd5+ Qxd5 27. Rad1 Kh8 28. Nc4 Rf8 29. Qe2 bxc3 1/2-1/2

[Event "POL-chT DMP Ekstraliga 2019"]
[Site "Katowice"]
[Date "2019.08.29"]
[Round "2.12"]
[White "Bartel, Marta"]
[Black "Cyfka, Karina"]
[Result "1/2-1/2"]
[ECO "A50"]
[WhiteElo "2244"]
[BlackElo "2413"]
[Annotator "NA"]
[PlyCount "88"]
[EventDate "2019.08.28"]
[EventType "team-tourn"]
[EventCountry "POL"]
[SourceTitle "playchess.com"]
[Source "ChessBase"]
[SourceQuality "1"]
[TimeControl "40/5400+30:1800+30"]

1. d4 Nf6 2. c4 b6 3. Nf3 Bb7 4. Nc3 d5 5. cxd5 Nxd5 6. Qc2 e6 7. e4 Nxc3 8. bxc3 Be7 9. Bd3 c5 10. O-O O-O 11. Bb2 Qc7 12. Qe2 Rc8 13. Rfd1 c4 14. Bc2 Nd7 15. Bc1 b5 16. Bg5 Ba3 17. Rab1 a6 18. Bd2 Nf8 19. Qe3 Be7 20. h4 Bc6 21. h5 h6 22. Ne5 Be8 23. Qh3 Bd6 24. Ng4 Bf4 25. e5 Bxd2 26. Rxd2 Qe7 27. f4 Rab8 28. Rf2 b4 29. Rxb4 Rxb4 30. cxb4 Qxb4 31. Qe3 Ba4 32. a3 Qb5 33. Kh2 Bxc2 34. Rxc2 Nd7 35. Qe2 Qd5 36. Qe3 Qb5 37. Qe2 Qd5 38. Qe3 Nb6 39. Nf2 Qd8 40. g3 Nd5 41. Qe2 Nb6 42. Qe3 Nd5 43. Qe2 Nb6 44. Qe3 Nd5 1/2-1/2

[Event "POL-chT DMP Ekstraliga 2019"]
[Site "Katowice"]
[Date "2019.08.29"]
[Round "2.14"]
[White "Leniart, Arkadiusz"]
[Black "Mastrovasilis, Dimitrios"]
[Result "0-1"]
[ECO "D15"]
[WhiteElo "2488"]
[BlackElo "2594"]
[Annotator "ChessBase"]
[PlyCount "82"]
[EventDate "2019.08.28"]
[EventType "team-tourn"]
[EventCountry "POL"]
[SourceTitle "playchess.com"]
[Source "ChessBase"]
[SourceQuality "1"]
[TimeControl "40/5400+30:1800+30"]

1. d4 d5 2. c4 c6 3. Nf3 Nf6 4. Nc3 dxc4 5. e4 b5 6. a4 b4 7. Na2 Nxe4 8. Bxc4 e6 9. O-O Be7 10. Re1 Nf6 11. Bg5 Nbd7 12. Nc1 O-O 13. Nb3 Bb7 14. Qe2 c5 15. Bxf6 Bxf6 16. dxc5 Qe7 17. c6 Bxc6 18. Nfd4 Bxd4 19. Nxd4 Rac8 20. Rad1 Nc5 21. Qh5 g6 22. Qe5 Bxa4 23. b3 Bc6 24. f4 Ba8 25. Nb5 Rcd8 26. Nd6 Nd7 27. Qa1 Nf6 28. Qe5 Bd5 29. Bxd5 Rxd6 30. Bf3 Rxd1 31. Rxd1 Rd8 32. Rxd8+ Qxd8 33. g4 Nd7 34. Qe4 Qb6+ 35. Kg2 Qc5 36. g5 Qc3 37. Qa8+ Kg7 38. Qxa7 Nc5 39. h4 Nd3 40. Kg3 Qe1+ 41. Kg4 Nf2+ 0-1

[Event "POL-chT DMP Ekstraliga 2019"]
[Site "Katowice"]
[Date "2019.08.29"]
[Round "2.15"]
[White "Tazbir, Marcin"]
[Black "Druska, Juraj"]
[Result "1/2-1/2"]
[ECO "B40"]
[WhiteElo "2521"]
[BlackElo "2460"]
[Annotator "ChessBase"]
[PlyCount "25"]
[EventDate "2019.08.28"]
[EventType "team-tourn"]
[EventCountry "POL"]
[SourceTitle "playchess.com"]
[Source "ChessBase"]
[SourceQuality "1"]
[TimeControl "40/5400+30:1800+30"]

1. e4 c5 2. Nf3 e6 3. d3 Nc6 4. g3 d5 5. Qe2 Nf6 6. Bg2 Be7 7. O-O b5 8. e5 Nd7 9. c4 bxc4 10. dxc4 Ba6 11. Na3 O-O 12. Re1 Rb8 13. h4 1/2-1/2

[Event "POL-chT DMP Ekstraliga 2019"]
[Site "Katowice"]
[Date "2019.08.29"]
[Round "2.16"]
[White "Kaczmarek, Aleksander"]
[Black "Sadzikowski, Daniel"]
[Result "0-1"]
[ECO "B62"]
[WhiteElo "2389"]
[BlackElo "2502"]
[Annotator "ChessBase"]
[PlyCount "108"]
[EventDate "2019.08.28"]
[EventType "team-tourn"]
[EventCountry "POL"]
[SourceTitle "playchess.com"]
[Source "ChessBase"]
[SourceQuality "1"]
[TimeControl "40/5400+30:1800+30"]

1. e4 c5 2. Nf3 Nc6 3. d4 cxd4 4. Nxd4 Nf6 5. Nc3 d6 6. Bg5 e6 7. Bb5 Bd7 8. Bxc6 bxc6 9. Qf3 h6 10. Bh4 Qa5 11. Bxf6 gxf6 12. Qxf6 Rg8 13. Nb3 Qh5 14. Qf3 Qxf3 15. gxf3 Rb8 16. O-O-O h5 17. Kb1 Rg2 18. Rd3 Kd8 19. Nd1 Kc7 20. f4 h4 21. Rf3 d5 22. e5 c5 23. Ne3 Rg7 24. Rh3 d4 25. Nc4 Rg4 26. c3 Bc6 27. f3 Rxf4 28. cxd4 cxd4 29. Rg1 Be7 30. Ncd2 Bd5 31. Rg4 Rxg4 32. fxg4 Rg8 33. Nxd4 Rxg4 34. Rc3+ Kb6 35. Rd3 Rg1+ 36. Kc2 Rg2 37. Kc3 Rxh2 38. Nc4+ Bxc4 39. Kxc4 Rxb2 40. Rf3 Bc5 41. a3 Bxd4 42. Kxd4 Rd2+ 43. Ke3 Rd5 44. Ke4 Ra5 45. Rxf7 Ra4+ 46. Kf3 Rxa3+ 47. Kg4 Ra4+ 48. Kg5 Re4 49. Kf6 Rf4+ 50. Kxe6 Rxf7 51. Kxf7 h3 52. e6 h2 53. e7 h1=Q 54. e8=Q Qh5+ 0-1

[Event "POL-chT DMP Ekstraliga 2019"]
[Site "Katowice"]
[Date "2019.08.29"]
[Round "2.17"]
[White "Wieczorek, Oskar"]
[Black "Mikrut, Dariusz"]
[Result "1/2-1/2"]
[ECO "E71"]
[WhiteElo "2497"]
[BlackElo "2375"]
[Annotator "ChessBase"]
[PlyCount "28"]
[EventDate "2019.08.28"]
[EventType "team-tourn"]
[EventCountry "POL"]
[SourceTitle "playchess.com"]
[Source "ChessBase"]
[SourceQuality "1"]
[TimeControl "40/5400+30:1800+30"]

1. c4 Nf6 2. Nc3 g6 3. e4 d6 4. d4 Bg7 5. h3 O-O 6. Be3 Na6 7. Nf3 Qe8 8. g4 c6 9. Be2 Nc7 10. a4 d5 11. e5 Ne4 12. Nxe4 dxe4 13. Nd2 f5 14. gxf5 Bxf5 1/2-1/2

[Event "POL-chT DMP Ekstraliga 2019"]
[Site "Katowice"]
[Date "2019.08.29"]
[Round "2.18"]
[White "Leks, Maria"]
[Black "Zawadzka, Jolanta"]
[Result "0-1"]
[ECO "D02"]
[WhiteElo "2129"]
[BlackElo "2407"]
[Annotator "NA"]
[PlyCount "64"]
[EventDate "2019.08.28"]
[EventType "team-tourn"]
[EventCountry "POL"]
[SourceTitle "playchess.com"]
[Source "ChessBase"]
[SourceQuality "1"]
[TimeControl "40/5400+30:1800+30"]

1. d4 d5 2. Bf4 Nf6 3. Nf3 c5 4. e3 Nc6 5. c3 Qb6 6. Qb3 c4 7. Qxb6 axb6 8. h3 b5 9. Ne5 b4 10. Nxc6 bxc6 11. a4 e6 12. Nd2 Ba6 13. Be2 Be7 14. O-O O-O 15. g4 Ra7 16. g5 Nd7 17. e4 Rfa8 18. exd5 cxd5 19. Bf3 Kf8 20. Rfe1 Bb5 21. Kg2 Rxa4 22. Rab1 Ra2 23. Nf1 Ba4 24. Ne3 Bb3 25. Bxd5 exd5 26. Nxd5 bxc3 27. Nxe7 cxb2 28. Bd6 f6 29. Nf5+ Kg8 30. Re2 c3 31. Rbe1 Bf7 32. Ng3 Ra1 0-1

[Event "POL-chT DMP Ekstraliga 2019"]
[Site "Katowice"]
[Date "2019.08.29"]
[Round "2.23"]
[White "Miton, Kamil"]
[Black "Kantans, Toms"]
[Result "1-0"]
[ECO "A05"]
[WhiteElo "2589"]
[BlackElo "2490"]
[Annotator "ChessBase"]
[PlyCount "79"]
[EventDate "2019.08.28"]
[EventType "team-tourn"]
[EventCountry "POL"]
[SourceTitle "playchess.com"]
[Source "ChessBase"]
[SourceQuality "1"]
[TimeControl "40/5400+30:1800+30"]

1. Nf3 Nf6 2. c4 g6 3. Nc3 d5 4. cxd5 Nxd5 5. Qb3 Nb6 6. d4 Be6 7. Qc2 Nc6 8. e4 f5 9. Bb5 fxe4 10. Ne5 Bd5 11. Nxe4 Bg7 12. Nxc6 bxc6 13. Bxc6+ Bxc6 14. Qxc6+ Qd7 15. Qxd7+ Nxd7 16. Be3 Rb8 17. b3 Rb4 18. Rc1 Bxd4 19. Rxc7 Kd8 20. Bd2 Kxc7 21. Bxb4 Nf6 22. Ng5 e5 23. Ke2 Re8 24. Rc1+ Kb6 25. Bd2 Re7 26. Nf3 Ne4 27. Rc4 Nd6 28. Rb4+ Kc6 29. Nxd4+ exd4+ 30. Kd3 Ne4 31. Rc4+ Kb5 32. f3 Nf2+ 33. Kxd4 Re2 34. a4+ Ka6 35. Bf4 Nd1 36. Rc1 g5 37. Bxg5 Rxg2 38. Rxd1 Rxg5 39. f4 Rg2 40. Rf1 1-0

[Event "POL-chT DMP Ekstraliga 2019"]
[Site "Katowice"]
[Date "2019.08.29"]
[Round "2.24"]
[White "Warakomska, Anna"]
[Black "Socko, Monika"]
[Result "1-0"]
[ECO "B38"]
[WhiteElo "2241"]
[BlackElo "2436"]
[Annotator "NA"]
[PlyCount "81"]
[EventDate "2019.08.28"]
[EventType "team-tourn"]
[EventCountry "POL"]
[SourceTitle "playchess.com"]
[Source "ChessBase"]
[SourceQuality "1"]
[TimeControl "40/5400+30:1800+30"]

1. e4 c5 2. Nf3 Nc6 3. d4 cxd4 4. Nxd4 g6 5. c4 Bg7 6. Be3 Nf6 7. Nc3 O-O 8. Be2 d6 9. f3 Bd7 10. Qd2 Nxd4 11. Bxd4 Bc6 12. O-O-O a6 13. g4 b5 14. Kb1 Rb8 15. h4 e6 16. g5 Ne8 17. Bxg7 Kxg7 18. e5 bxc4 19. exd6 Qa5 20. h5 Qf5+ 21. Ka1 Rd8 22. Qd4+ e5 23. Qxc4 Bb5 24. Nxb5 axb5 25. Qc5 Qxg5 26. hxg6 hxg6 27. Bxb5 Nf6 28. Rhe1 Rh8 29. d7 Qg2 30. Bc6 Rh5 31. Qe7 Rb8 32. Rb1 Rhh8 33. Qxe5 Qf2 34. Red1 Qb6 35. Rd6 Qd8 36. a3 Rh5 37. Qd4 Rh2 38. Qf4 Rh8 39. Re1 Nh5 40. Qd4+ Kh6 41. Re8 1-0

[Event "POL-chT DMP Ekstraliga 2019"]
[Site "Katowice"]
[Date "2019.08.29"]
[Round "2.25"]
[White "Huschenbeth, Niclas"]
[Black "Kempinski, Robert"]
[Result "0-1"]
[ECO "B32"]
[WhiteElo "2620"]
[BlackElo "2579"]
[Annotator "RC"]
[PlyCount "72"]
[EventDate "2019.08.28"]
[EventType "team-tourn"]
[EventCountry "POL"]
[SourceTitle "playchess.com"]
[Source "ChessBase"]
[SourceQuality "1"]
[TimeControl "40/5400+30:1800+30"]

1. e4 c5 2. Nf3 Nc6 3. d4 cxd4 4. Nxd4 e5 5. Nb5 d6 6. N1c3 a6 7. Na3 Be7 8. Be3 Nf6 9. Nc4 Be6 10. Nd5 O-O 11. Nxe7+ Nxe7 12. Qxd6 Bxc4 13. Qxd8 Rfxd8 14. Bxc4 Nxe4 15. Bd3 Nf6 16. O-O-O Ned5 17. Bg5 h6 18. Bxf6 Nxf6 19. Rhe1 Re8 20. Bf5 g6 21. Rd6 Kg7 22. Bh3 e4 23. Rb6 Rab8 24. c4 Re7 25. b3 h5 26. Rd1 Ng4 27. Bxg4 hxg4 28. Kd2 Rh8 29. Ke3 Rxh2 30. g3 Rh5 31. Rd5 Rh1 32. a4 Rc1 33. Kd4 e3 34. fxe3 Rg1 35. Rbd6 Rxg3 36. Rg5 f6 0-1